 Dungeon Crawl Stone Soup version 0.27-a0-1278-g6cbc8dfb29 (webtiles) character file.

Game seed: 1175144427363761229

5415 hilljack the Destroyer (level 10, -17/59 HPs)
             Began as a Gargoyle Earth Elementalist on June 12, 2021.
             Was a Believer of Vehumet.
             Killed from afar by a gargoyle (20 damage)
             ... with a stone arrow
             ... on level 11 of the Dungeon.
             The game lasted 00:34:51 (12217 turns).

hilljack the Destroyer (GrEE)                      Turns: 12217, Time: 00:34:52

Health: -17/59     AC: 15    Str: 14    XL:     10   Next: 67%
Magic:  0/27       EV: 11    Int: 20    God:    Vehumet [**....]
Gold:   1446       SH:  5    Dex: 12    Spells: 2/20 levels left

rFire    + . .     SeeInvis .   d - +6 mace of Doom {flame, Will+ Str+3 Dex+2}
rCold    . . .     Faith    .   e - +0 buckler
rNeg     + + .     Spirit   .   h - +1 leather armour of the Gravedigger {rC- rN+ Will+}
rPois    ∞         Reflect  .   (no helmet)
rElec    +         Harm     .   g - scarf {rC+ rF+}
rCorr    .         Rampage  .   (no gloves)
Will     ++...                  H - +2 pair of boots {Fly}
Stlth    ++........             (no amulet)
HPRegen  0.19/turn              l - ring of wizardry
MPRegen  0.20/turn              u - ring of magical power

@: flying, studying Conjurations
A: sickness immunity, AC +7, negative energy resistance 1, electricity
resistance, torment resistance 1, petrification resistance
a: Renounce Religion


You were on level 11 of the Dungeon.
You worshipped Vehumet.
Vehumet was pleased with you.
You visited 2 branches of the dungeon, and saw 13 of its levels.
You also visited: Ossuary.

You collected 1446 gold pieces.

Inventory:

Hand Weapons
 d - the +6 mace of Doom (weapon) {flame, Will+ Str+3 Dex+2}
   (You found it on level 6 of the Dungeon)

   It has been specially enchanted to burn those struck by it, causing extra
   injury to most foes and up to half again as much damage against particularly
   susceptible opponents.
   It affects your strength (+3).
   It affects your dexterity (+2).
   It increases your willpower.
 t - a +4 vampiric rapier
 x - a +0 hunting sling
Missiles
 b - 37 stones
 c - 122 sling bullets
 j - 48 poisoned darts
 y - 36 bolts
Armour
 e - a +0 buckler (worn)
 g - a scarf of resistance (worn)
 h - the +1 leather armour of the Gravedigger (worn) {rC- rN+ Will+}
   (You found it on level 4 of the Dungeon)

   It makes you vulnerable to cold.
   It protects you from negative energy.
   It increases your willpower.
 i - a +1 kite shield
 s - a +2 robe of positive energy
 v - a +1 cloak of stealth
 H - a +2 pair of boots of flying (worn)
Jewellery
 l - a ring of wizardry (left hand)
 m - a ring of protection from fire
 p - a ring of see invisible
 u - a ring of magical power (right hand)
 E - a ring of protection from cold
 G - a ring of magical power
Wands
 w - a wand of polymorph (13)
 z - a wand of flame (28)
 A - a wand of digging (5)
Scrolls
 a - 2 scrolls of fear
 o - 3 scrolls of amnesia
 q - 8 scrolls of teleportation
 B - a scroll of immolation
 C - a scroll of enchant armour
 F - a scroll of identify
Potions
 f - 4 potions of heal wounds
 k - 6 potions of curing
 n - 2 potions of flight
 r - 2 potions of lignification


   Skills:
 - Level 5.0 Fighting
 - Level 5.0 Armour
 - Level 1.5 Dodging
 - Level 2.1 Stealth
 + Level 5.2 Shields
 + Level 5.6 Spellcasting
 * Level 11.1 Conjurations
 - Level 0.7 Transmutations
 * Level 10.5 Earth Magic


You had 2 spell levels left.
You knew the following spells:

 Your Spells              Type           Power      Damage    Failure   Level
a - Sandblast             Erth           94%        2d19      1%          1
b - Passwall              Tmut/Erth      23%        N/A       1%          2
c - Stone Arrow           Conj/Erth      98%        3d13      1%          3
d - Petrify               Tmut/Erth      28%        N/A       5%          4
e - Searing Ray           Conj           100%       3d7       1%          2
f - Corona                Hex            5%         N/A       6%          1
g - Lee's Rapid Deconstr  Erth           23%        3d14*     1%          5

Your spell library contained the following spells:

 Spells                   Type           Power      Damage    Failure   Level
 Poisonous Vapours        Pois/Air       10%        N/A       9%          2
 Magic Dart               Conj           100%       1d8       1%          1
 Shock                    Conj/Air       100%       1d9       1%          1
 Static Discharge         Conj/Air       27%        N/A       1%          2
 Ensorcelled Hibernation  Hex/Ice        10%        N/A       9%          2
 Slow                     Hex            5%         N/A       9%          2
 Dazzling Flash           Conj/Hex       54%        N/A       1%          3
 Fulminant Prism          Conj/Hex       13%        3d9       6%          4
 Iskenderun's Mystic Bla  Conj/Tloc      27%        2d7       6%          4
 Leda's Liquefaction      Hex/Erth       13%        N/A       6%          4
 Confusing Touch          Hex            5%         N/A       16%         3
 Gell's Gravitas          Tloc           2%         N/A       16%         3
 Inner Flame              Hex/Fire       5%         N/A       16%         3
 Portal Projectile        Hex/Tloc       10%        N/A       16%         3
 Swiftness                Air            5%         N/A       16%         3
 Tukima's Dance           Hex            5%         N/A       16%         3
 Lightning Bolt           Conj/Air       13%        1d27      16%         5
 Airstrike                Air            2%         N/A       45%         4
 Cause Fear               Hex            2%         N/A       45%         4
 Yara's Violent Unravell  Hex/Tmut       3%         3d4       75%         5
 Metabolic Englaciation   Hex/Ice        2%         N/A       80%         5


Dungeon Overview and Level Annotations

Branches:
Dungeon (12/15)            Temple (1/1) D:5             Orc (0/2) D:10
Ossuary (visited)
   Lair: D:8-11

Altars:
Ashenzari
Cheibriados
Dithmenos
Elyvilon
Fedhas
Gozag
Hepliaklqana
Kikubaaqudgha
Makhleb
Nemelex Xobeh
Okawaru
Qazlal
Ru
Sif Muna
Trog
Uskayaw
Vehumet
Wu Jian
Xom
Yredelemnul
Zin
The Shining One

Annotations:
D:5 4 runed translucent doors


Innate Abilities, Weirdness & Mutations

You are immune to sickness and miasma.
Your stone body is resilient. (AC +7)
You are immune to poison.
You resist negative energy. (rN+)
You are resistant to electric shocks. (rElec)
You are resistant to unholy torment.
You are immune to petrification.


Message History

b - 37 stones The orc warrior hits you from afar with a +0 halberd!
There is a stone staircase leading down here.
You fly downwards.
Reactivating autopickup.
A gargoyle and a guardian serpent come into view.
The guardian serpent shouts!
Found 19 gold pieces and a scale mail.
There is a stone staircase leading up here.
Aiming: Stone Arrow (safe; 1% risk of failure)
Press: ? - help, Q - select action, (/) - cycle Shift-Dir - straight line, f - guardian serpent
Aim: a guardian serpent (64% to hit)
The stone arrow hits the guardian serpent!
The guardian serpent is moderately wounded.
The gargoyle hurls a stone arrow at you.
The stone arrow hits you!
* * * LOW HITPOINT WARNING * * *
Aiming: Stone Arrow (safe; 1% risk of failure)
Press: ? - help, Q - select action, (/) - cycle Shift-Dir - straight line, f/p - guardian serpent
Aim: a guardian serpent (moderately wounded, 64% to hit)
The stone arrow hits the guardian serpent!!
The guardian serpent is almost dead.
The guardian serpent hits you.
* * * LOW HITPOINT WARNING * * *
Aiming: Stone Arrow (safe; 1% risk of failure)
Press: ? - help, Q - select action, (/) - cycle Shift-Dir - straight line, f/p - guardian serpent
Aim: a guardian serpent (severely wounded, 64% to hit)
The stone arrow hits the guardian serpent!!
You kill the guardian serpent!
Vehumet accepts your kill.
You feel your power returning.
Your Conjurations skill increases to level 11!
Aiming: Stone Arrow (safe; 1% risk of failure)
Press: ? - help, Q - select action, (/) - cycle Shift-Dir - straight line, f - gargoyle
Aim: a gargoyle, wielding a +0 flail (89% to hit)
The stone arrow hits the gargoyle.
The gargoyle is lightly damaged.
The gargoyle hurls a stone arrow at you.
The stone arrow hits you!!
You die...

...............
...............
......[........
....$..........
...............
.........9.....
...............
.......@.......
...............
...............
...............
...............
..^............
...............
...............


You could see a gargoyle.

Vanquished Creatures
  A guardian serpent (shapeshifter) (D:11)
  A wyvern (D:8)
  A yak (D:10)
  A warg (D:10)
  Duvessa (D:6)
  An acid dragon (D:5)
  3 water moccasins
  2 ice beasts
  2 black bears
  A necrophage (D:5)
  A sky beast (D:8)
  5 ogres
  4 centaurs
  2 phantoms
  2 elf zombies (Ossuary)
  2 bullfrogs
  3 scorpions
  Dowan (D:6)
  A wyvern zombie (D:9)
  16 killer bees
  A water moccasin skeleton (D:6)
  4 wights (D:6)
  3 howler monkeys
  3 centaur zombies
  2 bullfrog zombies
  A human zombie (Ossuary)
  3 hounds
  Crazy Yiuf (D:6)
  A centaur skeleton (D:4)
  4 orc priests
  2 jellies
  2 iguanas
  8 orc wizards
  A killer bee zombie (D:8)
  3 hound zombies (D:5)
  A hound skeleton (D:5)
  3 mummies (Ossuary)
  7 adders
  A howler monkey skeleton (D:5)
  A shadow imp (D:5)
  2 white imps (D:5)
  An ufetubus (D:6)
  4 adder zombies (Ossuary)
  A worm (D:2)
  3 dart slugs
  20 orcs
  4 ball pythons (D:2)
  6 endoplasms
  10 giant cockroaches
  7 goblins
  5 hobgoblins
  5 jackals
  2 kobolds
  3 quokkas
  6 bats
  4 goblin zombies (Ossuary)
  4 hobgoblin zombies (Ossuary)
  2 jackal zombies (Ossuary)
  3 kobold zombies (Ossuary)
  3 orc zombies (Ossuary)
  2 quokka zombies (Ossuary)
  23 rats
  5 rat zombies (Ossuary)
228 creatures vanquished.

Notes
Turn   | Place    | Note
-------+----------+-------------------------------------------
     0 | D:1      | hilljack the Gargoyle Earth Elementalist began the quest
                  | for the Orb.
     0 | D:1      | Reached XP level 1. HP: 10/10 MP: 3/3
   351 | D:1      | Reached XP level 2. HP: 13/16 MP: 5/5
  1145 | D:1      | Reached skill level 1 in Conjurations
  1152 | D:1      | Reached skill level 1 in Shields
  1256 | D:2      | Reached skill level 1 in Fighting
  1256 | D:2      | Reached XP level 3. HP: 20/20 MP: 6/6
  1726 | D:2      | Reached XP level 4. HP: 13/25 MP: 4/7
  2620 | D:3      | Noticed a scorpion
  2636 | D:3      | Killed a scorpion
  2637 | D:3      | Reached skill level 2 in Conjurations
  2637 | D:3      | Reached XP level 5. HP: 16/30 MP: 1/8
  2899 | D:3      | Found a faded altar of an unknown god.
  3647 | D:3      | Reached skill level 1 in Armour
  4044 | D:4      | Reached skill level 5 in Earth Magic
  4044 | D:4      | Reached XP level 6. HP: 7/35 MP: 5/10
  4047 | D:4      | Learned a level 2 spell: Passwall
  4051 | D:4      | Learned a level 3 spell: Stone Arrow
  4089 | D:4      | Reached skill level 3 in Conjurations
  4263 | D:4      | Identified a scroll of acquirement
  4263 | D:4      | Acquired 1059 gold pieces
  4270 | D:4      | Identified the +1 leather armour of the Gravedigger {rC-
                  | rN+ Will+}
  4277 | D:4      | Learned a level 4 spell: Petrify
  4404 | D:4      | Found a sand-covered staircase.
  4413 | Ossuary  | Entered an ossuary
  5105 | Ossuary  | Reached XP level 7. HP: 22/40 MP: 1/11
  5488 | D:4      | Reached skill level 4 in Conjurations
  5624 | D:4      | You fall into a shaft and drop 2 floors!
  5758 | D:5      | Entered Level 5 of the Dungeon
  5762 | D:5      | Learned a level 2 spell: Searing Ray
  5795 | D:5      | Reached XP level 8. HP: 34/46 MP: 9/13
  5935 | D:5      | Reached skill level 5 in Conjurations
  6448 | D:5      | Found a large runed translucent door.
  6448 | D:5      | Found a large runed translucent door.
  6474 | D:5      | Noticed a vampire
  6481 | D:5      | Found a large runed translucent door.
  6481 | D:5      | Found a large runed translucent door.
  6857 | D:5      | Found a staircase to the Ecumenical Temple.
  6862 | Temple   | Entered the Ecumenical Temple
  7185 | Temple   | Became a worshipper of Vehumet
  7820 | D:5      | Reached XP level 9. HP: 52/52 MP: 12/15
  7826 | D:5      | Reached skill level 6 in Conjurations
  8086 | D:6      | Noticed Duvessa
  8087 | D:6      | Noticed Dowan
  8095 | D:6      | Killed Duvessa
  8098 | D:6      | Killed Dowan
  8301 | D:6      | Reached skill level 7 in Conjurations
  8653 | D:6      | Found a runed translucent door.
  8654 | D:6      | Noticed Crazy Yiuf
  8671 | D:6      | Killed Crazy Yiuf
  8684 | D:6      | Identified the +6 mace of Doom {flame, Will+ Str+3 Dex+2}
  8773 | D:6      | Reached * piety under Vehumet
  8773 | D:6      | Offered knowledge of Freeze by Vehumet.
  9110 | D:6      | Reached skill level 8 in Conjurations
  9111 | D:6      | Reached skill level 5 in Shields
  9556 | D:7      | Learned a level 1 spell: Corona
  9633 | D:7      | Reached skill level 5 in Fighting
  9702 | D:7      | Found a sacrificial altar of Ru.
 10037 | D:7      | Found an opulent altar of Gozag.
 10294 | D:8      | Reached XP level 10. HP: 58/59 MP: 17/17
 10349 | D:8      | Reached skill level 5 in Armour
 10349 | D:8      | Reached skill level 9 in Conjurations
 10364 | D:8      | Reached skill level 5 in Spellcasting
 11419 | D:9      | Reached skill level 10 in Conjurations
 11609 | D:9      | Identified the +4 robe of Geijexyl {rElec rF+ Str+4}
 11664 | D:9      | You fall into a shaft and drop 3 floors!
 11685 | D:11     | Reached skill level 10 in Earth Magic
 11720 | D:11     | Reached ** piety under Vehumet
 11720 | D:11     | Offered knowledge of Poisonous Vapours by Vehumet.
 11777 | D:10     | Entered Level 10 of the Dungeon
 12016 | D:10     | Found a staircase to the Orcish Mines.
 12167 | D:10     | Learned a level 5 spell: Lee's Rapid Deconstruction
 12213 | D:11     | Noticed a gargoyle
 12213 | D:11     | Noticed a guardian serpent
 12216 | D:11     | Killed a guardian serpent
 12217 | D:11     | Reached skill level 11 in Conjurations
 12217 | D:11     | Killed from afar by a gargoyle

Illustrated notes

Levels and vault maps discovered:
D:1:      dpeg_arrival_brainrot, layout_basic, skrybe_limestone_x,
          minmay_tiny_reverse_x
D:2:      layout_basic
D:3:      layout_basic, serial_co_window_serial, co_window_paths_a,
          co_window_corner_a, co_window_corner_a, co_window_corner_a,
          co_window_paths_b, co_window_2corner, co_window_broadway_b,
          co_window_broadway_c, co_window_corner_cb, co_window_unsneaky_path_b,
          co_window_corner_cb, co_window_sun, co_window_paths_d,
          glass_columns_b, glass_columns_c,
          shapermc_ecumenical_altar_notcrosses, grunt_decor_resistance
D:4:      layout_loops_cross, enter_ossuary_1, minmay_rat_hole
D:5:      layout_gridville, temple_doors_e, minmay_hollow_rounded_squares
D:6:      layout_gridville, kennysheep_generic_room_16, uniq_duvessa,
          uniq_crazy_yiuf_cottage
D:7:      layout_basic, kennysheep_mini_moat, kennysheep_flooded_box
D:8:      layout_cave_pools
D:9:      minmay_chambers_of_sixes, layout_cave_pools, uniq_grum
D:10:     layout_roguey, erik_lair_orcish_takeover, orc_0_dummy, uniq_urug
D:11:     layout_long_grid, nicolae_kikubaaqudgha_miasma_corner
D:12:     layout_irregular_city, serial_shops, shop
Temple:   roderic_octagonal_lattice_temple

Skill      XL: |  1  2  3  4  5  6  7  8  9 10 |
---------------+-------------------------------+-----
Conjurations   | 1 2 3 4 5 8 11 | 11.1
Shields        | 1 2 3 4 5 |  5.2
Fighting       | 1 2 3 5 |  5.0
Earth Magic    | 4 5 6 7 9 10 | 10.5
Armour         | 1 2 3 4 5 |  5.0
Spellcasting   | 3 4 5 |  5.6
Dodging        | |  1.5
Stealth        | |  2.1
Transmutations | |  0.7

Action                   |  1- 3 |  4- 6 |  7- 9 | 10-12 || total
-------------------------+-------+-------+-------+-------++-------
Melee: Short sword       |   101 |   255 |   152 |       ||   508
       Mace              |       |       |    33 |    41 ||    74
       Rapier            |       |       |    25 |       ||    25
 Cast: Sandblast         |    12 |    62 |   146 |    41 ||   261
       Stone Arrow       |       |       |       |    38 ||    38
  Use: Scroll            |     2 |     5 |    10 |     1 ||    18
       Potion            |       |     5 |     3 |       ||     8
 Stab: Sleeping          |     3 |     6 |     3 |       ||    12
Armor: Leather armour    |    45 |   143 |   147 |    56 ||   391
       Robe              |     2 |       |       |       ||     2
Dodge: Dodged            |    46 |   111 |   128 |    66 ||   351
Block: Kite shield       |    30 |   135 |   150 |       ||   315
       Buckler           |       |       |     5 |    33 ||    38

Table legend: (Time is in decaauts)
 A = Elapsed time spent in this place.
 B = Non-inter-level travel time spent in this place.
 C = Inter-level travel time spent in this place.
 D = Time resting spent in this place.
 E = Time spent auto-exploring this place.
 F = Levels seen in this place.
 G = Mean time per level.
                   A        B        C        D        E       F      G
               +--------+--------+--------+--------+--------+-----+--------+
         Total |  12394 |  11924 |    470 |   2497 |   6999 |  14 |  885.3 |
       Dungeon |  11074 |  10673 |    401 |   2135 |   6497 |  12 |  922.8 |
        Temple |    346 |    277 |     69 |      0 |    275 |   1 |  346.0 |
       Ossuary |    973 |    973 |      0 |    362 |    227 |   1 |  973.0 |
               +--------+--------+--------+--------+--------+-----+--------+

Top non-repeatable levels by time:
     D:3: 1494 daAuts
     D:6: 1484 daAuts
     D:5: 1483 daAuts
     D:1: 1241 daAuts
     D:4: 1228 daAuts
     D:2: 1227 daAuts
     D:8: 1051 daAuts
 Ossuary: 973 daAuts
     D:7: 962 daAuts
    D:10: 441 daAuts
  Temple: 346 daAuts
     D:9: 339 daAuts
    D:11: 115 daAuts
    D:12: 4 daAuts
